 Dungeon Crawl Stone Soup version 0.28.0-53-g5a82cb258f (webtiles) character file.

Game seed: 16668453046407604277

6881 Zeld the Destroyer (level 10, -3/50 HPs)
             Began as a Deep Elf Conjurer on May 25, 2022.
             Was an Initiate of Gozag.
             Slain by a centaur warrior zombie (7 damage)
             ... on level 10 of the Dungeon.
             The game lasted 00:13:52 (16120 turns).

Zeld the Destroyer (Deep Elf Conjurer)             Turns: 16120, Time: 00:13:52

Health: -3/50      AC:  6    Str:  4    XL:     10   Next: 79%
Magic:  2/29       EV: 12    Int: 28    God:    Gozag
Gold:   63         SH:  0    Dex: 13    Spells: 25/36 levels left

rFire   + . .      SeeInvis .   (no weapon)
rCold   + . .      Faith    .   (no shield)
rNeg    . . .      Spirit   .   a - +0 robe
rPois   +          Reflect  .   A - +0 helmet
rElec   +          Harm     .   u - +0 cloak
rCorr   +          Rampage  .   q - +0 pair of gloves
Will    +....                   s - +0 pair of boots
Stlth   +++.......              (no amulet)
HPRegen 0.16/turn               w - ring of resist corrosion
MPRegen 0.21/turn               (no ring)

@: resistant, gold aura
A: no striking features
a: Renounce Religion, Potion Petition, Call Merchant, Bribe Branch


You were on level 10 of the Dungeon.
You worshipped Gozag.
Gozag was noncommittal.
You visited 2 branches of the dungeon, and saw 11 of its levels.
You also visited: Sewer and Bailey.

You collected 1776 gold pieces.
You spent 1121 gold pieces at shops.
You paid 592 gold pieces to Gozag.

Inventory:

Armour
 a - a +0 robe (worn)
 q - a +0 pair of gloves (worn)
 s - a +0 pair of boots (worn)
 u - a +0 cloak (worn)
 A - a +0 helmet (worn)
Jewellery
 w - a ring of resist corrosion (left hand)
Scrolls
 g - 4 scrolls of magic mapping
 h - 2 scrolls of summoning
 i - 2 scrolls of identify
 j - 2 scrolls of amnesia
 l - 5 scrolls of teleportation
 p - 2 scrolls of enchant weapon
 v - 4 scrolls of enchant armour
 G - 6 scrolls of blinking
 H - a scroll of brand weapon
Potions
 c - a potion of degeneration {unknown}
 d - 2 potions of resistance
 e - 2 potions of curing
 f - a potion of attraction {unknown}
 k - 9 potions of brilliance {unknown}
 m - a potion of might {unknown}
 n - 5 potions of flight {unknown}
 o - 2 potions of lignification {unknown}
 t - 5 potions of magic {unknown}
 x - 5 potions of heal wounds {unknown}
 B - 2 potions of haste {unknown}
 C - 2 potions of invisibility {unknown}
 D - 2 potions of experience {unknown}
 E - 2 potions of mutation {unknown}
 F - a potion of cancellation {unknown}
Miscellaneous
 y - a piece from Xom's chessboard (15/15)


   Skills:
 - Level 2.4 Dodging
 - Level 4.2 Stealth
 + Level 13.8 Spellcasting
 - Level 14.0 Conjurations
 - Level 2.0 Hexes
 - Level 2.0 Translocations


You had 25 spell levels left.
You knew the following spells:

 Your Spells              Type           Power      Damage    Failure   Level
a - Magic Dart            Conj           100%       1d8       0%          1
b - Searing Ray           Conj           100%       2d8       0%          2
c - Fulminant Prism       Conj/Hex       29%        3d14      1%          4
d - Iskenderun's Mystic   Conj/Tloc      59%        2d12      1%          4

Your spell library contained the following spells:

 Spells                   Type           Power      Damage    Failure   Level
 Dazzling Flash           Conj/Hex       100%       N/A       1%          3
 Hailstorm                Conj/Ice       55%        3d12      1%          4
 Beastly Appendage        Tmut           38%        N/A       2%          1
 Sting                    Tmut/Pois      76%        1d6       2%          1
 Wereblood                Tmut           19%        N/A       4%          2
 Ozocubu's Armour         Ice            19%        N/A       9%          3
 Spider Form              Tmut/Pois      19%        N/A       9%          3
 Ice Form                 Ice/Tmut       19%        N/A       26%         4
 Petrify                  Tmut/Erth      19%        N/A       26%         4
 Simulacrum               Ice/Necr       9%         N/A       99%         6
 Ozocubu's Refrigeration  Ice            9%         4d6       100%        7


Dungeon Overview and Level Annotations

Branches:
Dungeon (10/15)            Temple (1/1) D:4            Lair (0/6) D:8
    Orc (0/2) D:10          Sewer (visited)          Bailey (visited)

Altars:
Ashenzari
Cheibriados
Dithmenos
Elyvilon
Fedhas
Gozag
Hepliaklqana
Kikubaaqudgha
Makhleb
Nemelex Xobeh
Okawaru
Qazlal
Ru
Sif Muna
Trog
Uskayaw
Vehumet
Wu Jian
Xom
Yredelemnul
Zin
The Shining One

Shops:
D:4 *   D:7 *   D:8 ?   D:10 ?*


Message History

The centaur warrior zombie is severely damaged.
The centaur shoots an arrow.
The arrow closely misses you.
You are too injured to fight recklessly!
The centaur unwields a +0 shortbow.
The centaur misses you. The centaur kicks you.
* * * LOW HITPOINT WARNING * * *
Unknown command.
Unknown command.
Casting: Iskenderun's Mystic Blast (dangerous; 1% risk of failure)
Confirm with . or Enter, or press ? or * to list all spells.
You erupt in a blast of force!
The mystic blast hits the centaur warrior zombie!
The centaur warrior zombie is almost destroyed.
The centaur warrior zombie is knocked back by the mystic blast.
The mystic blast hits the centaur!
The centaur is heavily wounded.
The centaur is knocked back by the mystic blast.
The centaur wields a +0 shortbow.
The centaur shoots an arrow.
The arrow closely misses you.
Unknown command.
Casting: Iskenderun's Mystic Blast (dangerous; 1% risk of failure)
Confirm with . or Enter, or press ? or * to list all spells.
You erupt in a blast of force!
The mystic blast hits the centaur!!
You kill the centaur!
Unknown command.
Unknown command.
Unknown command.
Casting: Iskenderun's Mystic Blast (dangerous; 1% risk of failure)
Confirm with . or Enter, or press ? or * to list all spells.
You don't have enough magic to cast this spell.
The centaur warrior zombie hits you but does no damage.
The centaur warrior zombie closely misses you.
You see here a +0 arbalest.
The centaur warrior zombie hits you!
* * * LOW HITPOINT WARNING * * *
The centaur warrior zombie kicks you but does no damage.
You feel protected. The centaur warrior zombie hits you!
You die...
Your body crumbles into a pile of gold.

#######......#
#.........#
#.........######### $
#.................###+#
#.....................
#.....................
#..................#
#.....>............#
..............@Z.$..#
.............)##....#
...................#
...............#
####..............
..................
##################


You could see a centaur warrior zombie.

Vanquished Creatures
  Pikel (D:8)
  A cyclops (D:7)
  A troll (D:9)
  A hornet (D:9)
  Prince Ribbit (D:5)
  A vampire (D:9)
  Sigmund (D:5)
  6 yaks
  Eustachio (D:4)
  Edmund (D:4)
  An acid dragon (D:9)
  A water moccasin (D:5)
  An ice beast (D:8)
  3 orc warriors
  2 sky beasts
  A black bear (D:5)
  6 centaurs
  2 phantoms
  7 kobold brigands
  2 bullfrogs
  2 scorpions
  3 wights (D:7)
  An electric eel (D:10)
  2 howler monkeys
  3 jellies
  2 bullfrog zombies
  2 orc priests (D:8)
  2 centaur zombies
  3 hounds (D:6)
  A centaur skeleton (D:6)
  A bullfrog skeleton (D:6)
  2 iguanas (D:4)
  Natasha (D:2)
  3 orc wizards
  A killer bee zombie (D:8)
  A hound zombie (D:5)
  A howler monkey zombie (D:9)
  19 gnolls
  11 adders
  3 river rats (Sewer)
  5 white imps
  2 ufetubi
  An adder skeleton (D:4)
  9 worms
  5 dart slugs
  39 orcs
  2 bats
  2 endoplasms
  3 giant cockroaches
  11 goblins
  4 hobgoblins
  6 jackals
  7 quokkas
  7 ball pythons
  3 frilled lizards
  39 kobolds
  16 rats
266 creatures vanquished.

Vanquished Creatures (others)
  23 plants (D:7)
23 creatures vanquished.

Grand Total: 289 creatures vanquished

Notes
Turn   | Place    | Note
-------+----------+-------------------------------------------
     0 | D:1      | Zeld the Deep Elf Conjurer began the quest for the Orb.
     0 | D:1      | Reached XP level 1. HP: 10/10 MP: 6/6
   146 | D:1      | Reached skill level 1 in Hexes
   146 | D:1      | Reached XP level 2. HP: 15/15 MP: 4/8
   232 | D:1      | Learned a level 2 spell: Searing Ray
   234 | D:1      | Reached skill level 1 in Translocations
   405 | D:1      | Found a faded altar of an unknown god.
   744 | D:2      | Reached XP level 3. HP: 10/19 MP: 3/9
  1699 | D:2      | Noticed Natasha
  1718 | D:2      | Killed Natasha
  1719 | D:2      | Reached XP level 4. HP: 14/24 MP: 5/11
  1724 | D:2      | Learned a level 4 spell: Fulminant Prism
  2535 | D:3      | Reached skill level 5 in Conjurations
  2603 | D:3      | Noticed a scorpion
  2609 | D:3      | Learned a level 4 spell: Iskenderun's Mystic Blast
  2611 | D:3      | Killed a scorpion
  2612 | D:3      | Reached XP level 5. HP: 8/28 MP: 8/13
  2618 | D:3      | HP: 1/28 [poisoned by a scorpion]
  3520 | D:4      | Found a glowing drain.
  3534 | Sewer    | Entered a sewer
  3875 | Sewer    | Reached skill level 5 in Spellcasting
  3875 | Sewer    | Reached skill level 6 in Conjurations
  3875 | Sewer    | Reached XP level 6. HP: 11/32 MP: 1/15
  4743 | Sewer    | Reached skill level 7 in Conjurations
  4743 | Sewer    | Reached XP level 7. HP: 17/36 MP: 8/17
  5749 | D:4      | Found a staircase to the Ecumenical Temple.
  5779 | Temple   | Entered the Ecumenical Temple
  5824 | Temple   | Became a worshipper of Gozag Ym Sagoz the Greedy
  6109 | D:4      | Noticed Edmund
  7079 | D:4      | Found Panniyst's Neck Hole.
  7083 | D:4      | Bought a +0 cloak for 63 gold pieces
  7437 | D:4      | Killed Edmund
  7438 | D:4      | Reached skill level 8 in Conjurations
  7633 | D:5      | Entered Level 5 of the Dungeon
  7633 | D:5      | Noticed Prince Ribbit
  7633 | D:5      | Noticed Eustachio
  7641 | D:4      | Killed Eustachio
  7642 | D:4      | Reached XP level 8. HP: 33/41 MP: 9/20
  7907 | D:5      | Reached skill level 9 in Conjurations
  8151 | D:5      | Killed Prince Ribbit
  8709 | D:5      | Reached skill level 10 in Conjurations
  8773 | D:5      | Found the dreamshard necklace {*Dream Drain}
  9017 | D:5      | Noticed a moth of wrath
  9021 | D:5      | Found a bloodstained altar of Trog.
  9022 | D:5      | Noticed Sigmund
  9254 | D:5      | Found a shimmering altar of Xom.
  9364 | D:5      | Killed Sigmund
  9643 | D:6      | Reached XP level 9. HP: 23/45 MP: 10/24
  9973 | D:6      | Reached skill level 11 in Conjurations
 11014 | D:7      | Noticed a cyclops
 11038 | D:7      | Killed a cyclops
 11039 | D:7      | Reached skill level 10 in Spellcasting
 11039 | D:7      | Reached skill level 12 in Conjurations
 11154 | D:7      | Found Roxaimis's Retail Resort.
 11160 | D:7      | Bought a potion of resistance for 110 gold pieces
 11160 | D:7      | Bought a ring of resist corrosion for 220 gold pieces
 12627 | D:8      | Noticed Pikel
 12651 | D:8      | Killed Pikel
 12652 | D:8      | Reached skill level 13 in Conjurations
 12652 | D:8      | Reached XP level 10. HP: 50/50 MP: 14/27
 12671 | D:8      | Found an ornate altar of the Wu Jian Council.
 12700 | D:8      | Found a staircase to the Lair.
 12734 | D:8      | Found a flagged portal.
 12743 | Bailey   | Entered a bailey
 13709 | D:8      | Bought a scroll of identify for 22 gold pieces
 13709 | D:8      | Bought a scroll of teleportation for 33 gold pieces
 13709 | D:8      | Bought a scroll of enchant armour for 82 gold pieces
 13709 | D:8      | Bought a scroll of enchant armour for 82 gold pieces
 14091 | D:8      | Got the Incunabulum of Moulding
 14235 | D:8      | Found a snail-covered altar of Cheibriados.
 14972 | D:9      | Reached skill level 14 in Conjurations
 15348 | D:9      | Found an ancient bone altar of Kikubaaqudgha.
 15356 | D:9      | Found a sacrificial altar of Ru.
 15376 | D:9      | Found a shadowy altar of Dithmenos.
 15427 | D:9      | Found a glowing silver altar of Zin.
 15685 | D:10     | Entered Level 10 of the Dungeon
 15698 | D:10     | Found Guddo's Magic Scroll Shop.
 15706 | D:10     | Bought a scroll of identify for 28 gold pieces
 15706 | D:10     | Bought a scroll of identify for 28 gold pieces
 15706 | D:10     | Bought a scroll of blinking for 105 gold pieces
 15706 | D:10     | Bought a scroll of blinking for 105 gold pieces
 15706 | D:10     | Bought a scroll of identify for 28 gold pieces
 15706 | D:10     | Bought a scroll of identify for 28 gold pieces
 15706 | D:10     | Bought a scroll of magic mapping for 49 gold pieces
 15706 | D:10     | Bought a scroll of amnesia for 49 gold pieces
 15726 | D:10     | Found a staircase to the Orcish Mines.
 15819 | D:10     | Found Ytiyfaxt's Assorted Antiques.
 15828 | D:10     | Bought a scroll of identify for 62 gold pieces
 15828 | D:10     | Bought a yellow potion for 27 gold pieces
 15834 | D:10     | Found a shimmering blue altar of Sif Muna.
 16120 | D:10     | Slain by a centaur warrior zombie

Illustrated notes

Levels and vault maps discovered:
D:1:      psy_arrival_basics, layout_rooms, nicolae_ecumenical_lake_church
D:2:      layout_basic, uniq_natasha
D:3:      layout_loops_cross
D:4:      minmay_wonky_spiral, layout_loops_corners, minmay_temple_entry_tees,
          portal_sewer_entry_f, nicolae_shop_sticking_my_neck_out, uniq_edmund
D:5:      layout_loops_ring, tgw_trog, xom_butterflies, uniq_sigmund,
          uniq_prince_ribbit1, uniq_eustachio
D:6:      layout_basic, hellmonk_bongcloud_opening
D:7:      kennysheep_kobold_camp, layout_loops_corners, nicolae_alphabet_shops
D:8:      layout_gridville, kennysheep_slug_shrine, nzn_wu_jian_council_hall,
          dpeg_oklobed_lair, enter_bailey_3, serial_ice, serial_ice_d,
          serial_ice_c, serial_ice_n, serial_ice_b, uniq_pikel
D:9:      layout_rooms, nicolae_overflow_quartered_altars
D:10:     layout_stronghold, nicolae_sif_muna_condensation, david_orc_2,
          hellmonk_ghost_big_iron, serial_shops, nicolae_shop_advertising_works
          [nicolae_subvault_shop_adworks],
          nicolae_shop_temple_entry_statues_fountains, shop,
          nicolae_shop_crystal, shop, minivault_16, kennysheep_flooded_box,
          minmay_three_doors
Temple:   cyrus_circular_temple

Skill      XL: |  1  2  3  4  5  6  7  8  9 10 |
---------------+-------------------------------+-----
Hexes          | 1 2 |  2.0
Translocations | 1 2 |  2.0
Stealth        | 3 4 |  4.2
Spellcasting   | 4 5 7 9 11 13 | 13.8
Conjurations   | 5 6 7 8 10 13 14 | 14.0
Dodging        | |  2.4

Action                   |  1- 3 |  4- 6 |  7- 9 | 10-12 || total
-------------------------+-------+-------+-------+-------++-------
Melee: Unarmed           |       |     4 |    14 |    20 ||    38
       Punch             |       |       |     1 |     1 ||     2
 Cast: Magic Dart        |    53 |    32 |     3 |       ||    88
       Searing Ray       |     4 |    25 |    78 |     3 ||   110
       Iskenderun's Myst |       |     3 |    58 |    91 ||   152
Invok: Call Merchant     |       |       |       |     1 ||     1
  Use: Potion            |       |       |     2 |     1 ||     3
       Scroll            |       |       |       |     9 ||     9
 Stab: Distracted        |       |       |     1 |       ||     1
Armor: Robe              |       |     3 |    36 |    20 ||    59
Dodge: Dodged            |     9 |    25 |    97 |    71 ||   202
